 Dungeon Crawl Stone Soup version 0.20.0-15-g7f486f2 (webtiles) character file.

13985 Hook the Cruncher (level 11, -1/92 HPs)
             Began as a Green Draconian Wizard on June 22, 2017.
             Was a Priest of Ashenzari.
             Slain by a black mamba (14 damage)
             ... on level 2 of the Lair of Beasts.
             The game lasted 01:19:43 (16935 turns).

Hook the Cruncher (Green Draconian Wizard)         Turns: 16935, Time: 01:19:44

Health: -1/92      AC: 14    Str: 12      XL:     11   Next: 82%
Magic:  4/21       EV: 14    Int: 20      God:    Ashenzari [***...]
Gold:   416        SH:  0    Dex:  4 (9)  Spells: 5/24 levels left

rFire    + . .     SeeInvis +   t - +3 quarterstaff (curse)
rCold    . . .     Gourm    .   (shield currently unavailable)
rNeg     + . .     Faith    .   (armour unavailable)
rPois    +         Spirit   .   a - +1 hat (curse)
rElec    .         Reflect  .   h - +2 cloak (curse)
rCorr    .         Harm     .   q - +2 pair of gloves (curse)
MR       .....                  (no boots)
Stlth    ++........             y - amulet of regeneration (curse)
Regen    0.7/turn               o - ring of see invisible
MPRegen  0.2/turn               G - ring of positive energy

@: very slightly contaminated
A: breathe noxious fumes, unfitting armour, fire resistance 1, poison
resistance, robust 1, cold-blooded, AC +7
a: Breathe Noxious Fumes, Curse Item, Scrying, Renounce Religion


You were on level 2 of the Lair of Beasts.
You worshipped Ashenzari.
Ashenzari was most pleased with you.
You were hungry.

You visited 4 branches of the dungeon, and saw 16 of its levels.

You collected 668 gold pieces.
You spent 252 gold pieces at shops.

Inventory:

Hand Weapons
 d - a +0 dagger of holy wrath
 g - a +1 dagger
 t - a cursed +3 quarterstaff (weapon)
 w - a +0 dagger of venom
 D - a +2 dagger of holy wrath
Missiles
 k - 5 javelins (quivered)
 n - 4 throwing nets
Armour
 a - a cursed +1 hat (worn)
 h - a cursed +2 cloak (worn)
 q - a cursed +2 pair of gloves (worn)
 v - a +1 pair of gloves
Jewellery
 o - a ring of see invisible (left hand)
 x - an uncursed amulet of guardian spirit
 y - a cursed amulet of regeneration (around neck)
 z - an uncursed ring of positive energy
 C - an uncursed amulet of the gourmand
 G - a ring of positive energy (right hand)
Wands
 s - a wand of random effects (39/48)
 u - a wand of acid (4/15)
 B - a wand of lightning (8/15)
 J - a wand of random effects (21/48)
 M - a wand of polymorph (8/24)
 N - a wand of acid (12/15)
Scrolls
 e - 5 scrolls of identify
 m - 5 scrolls of fear
 E - a scroll of enchant armour
 F - a scroll of teleportation
 I - a scroll of blinking {unknown}
 K - 2 scrolls of remove curse
 L - a scroll of magic mapping
Potions
 f - 2 potions of brilliance
 i - a potion of lignification
 j - a potion of might
 H - a potion of magic
Books
 b - a book of Minor Magic

   Spells                             Type                      Level
   a - Magic Dart                     Conjuration                  1
   b - Blink                          Translocation                2
   c - Call Imp                       Summoning                    2
   d - Slow                           Hexes                        2
   e - Conjure Flame                  Conjuration/Fire             3
   f - Mephitic Cloud                 Conjuration/Poison/Air       3
 A - a book of Flames

   Spells                             Type                      Level
   a - Flame Tongue                   Conjuration/Fire             1
   b - Throw Flame                    Conjuration/Fire             2
   c - Conjure Flame                  Conjuration/Fire             3
   d - Inner Flame                    Hexes/Fire                   3
   e - Sticky Flame                   Conjuration/Fire             4
   f - Fireball                       Conjuration/Fire             5
Comestibles
 c - 7 bread rations
 l - 5 royal jellies
 p - 3 meat rations
 r - 6 fruits


   Skills:
 + Level 4.0 Fighting
 - Level 2.0 Short Blades
 - Level 9.3(13.0) Staves
 * Level 9.0(10.8) Dodging
 - Level 2.3(3.9) Stealth
 + Level 7.2 Spellcasting
 * Level 7.2 Conjurations
 - Level 0.3 Hexes
 - Level 4.0 Summonings
 + Level 1.0 Translocations
 * Level 6.4 Fire Magic
 + Level 0.8 Air Magic
 - Level 3.3 Poison Magic


You had 5 spell levels left.
You knew the following spells:

 Your Spells              Type           Power        Failure   Level  Hunger
a - Magic Dart            Conj           ####         1%          1    None
b - Call Imp              Summ           ###.....     2%          2    None
c - Blink                 Tloc           N/A          10%         2    None
d - Mephitic Cloud        Conj/Pois/Air  ###.....     6%          3    #......
e - Slow                  Hex            #.......     12%         2    None
f - Throw Flame           Conj/Fire      ####..       1%          2    None
g - Sticky Flame          Conj/Fire      ####....     5%          4    ###....
h - Conjure Flame         Conj/Fire      ####....     1%          3    #......


Dungeon Overview and Level Annotations

Branches:
Dungeon (11/15)            Temple (1/1) D:4            Lair (3/6) D:9
 Spider (1/4) Lair:2          Orc (0/2) D:11
  Swamp: Lair:2-4    Shoals: Lair:2-4

Altars:
Ashenzari
Cheibriados
Dithmenos
Elyvilon
Fedhas
Gozag
Hepliaklqana
Kikubaaqudgha
Makhleb
Nemelex Xobeh
Okawaru
Qazlal
Ru
Sif Muna
Trog
Uskayaw
Vehumet
Xom
Yredelemnul
Zin
The Shining One

Shops:
D:10 *

Annotations:
D:4 feelmyfire's ghost, novice HOBe
D:6 yogakurto's ghost, novice HOMo
D:8 Grum; Pikel


Innate Abilities, Weirdness & Mutations

You can breathe blasts of noxious fumes.
Your lurid green scales are hard. (AC +7)
You cannot fit into any form of body armour.
Your system is resistant to poisons. (rPois)
You are cold-blooded and may be slowed by cold attacks.
Your flesh is heat resistant. (rF+)
You are robust. (+10% HP)


Message History

Aiming: Sticky Flame
Press: ? - help, Shift-Dir - straight line, f - black mamba
Aim: a black mamba (lightly wounded)
You miscast Sticky Flame.
Nothing appears to happen.
The black mamba completely misses you. The black mamba bites you!
* * * LOW HITPOINT WARNING * * *
Casting: Sticky Flame
Confirm with . or Enter, or press ? or * to list all spells.
You don't have enough magic to cast that spell.
Unknown command.
Casting: Sticky Flame
Confirm with . or Enter, or press ? or * to list all spells.
You don't know that spell.
You miss the black mamba.
The black mamba is lightly wounded.
The black mamba barely misses you.
You closely miss the black mamba.
The black mamba is lightly wounded.
The black mamba bites you!
You die...

####### #.....# ♣
#.#.P## ♣♣ #.#.##
#### ≈♣ #....##
####..# ≈♣♣#...#.#
###.#...# ≈≈♣♣....##
###.##...## ≈P♣♣....#
###........###
≈≈≈♣....#
#.P.@S.......#####
≈P≈♣...##
#.........P...##.##
≈≈≈..#.#
#........P#.....#.#
≈P≈.#..#
##.......P####....###
≈P≈....## #........##
##..#... ≈≈≈.P...#
##........# ####.#.
≈≈≈.#.### #.......##
#### ..≈.#..#
##......# ......##
##.#####


You could see a black mamba.

Vanquished Creatures
  A hydra (Lair:3)
  A two-headed ogre (D:11)
  2 wolf spider zombies (Spider:1)
  An elephant (D:9)
  Joseph (D:10)
  Psyche (D:7)
  A centaur skeleton (D:11)
  3 spiny frogs
  A komodo dragon (Lair:2)
  2 redback zombies (Spider:1)
  A troll (D:11)
  2 hornets
  A polar bear (D:11)
  2 hippogriffs
  A vampire (D:9)
  2 fire bats (Lair:1)
  A wyvern (D:10)
  3 yaks
  A hungry ghost (D:10)
  2 basilisks
  3 water moccasins
  2 porcupines
  A black bear (D:9)
  4 ice beasts
  4 orc warriors
  2 ogres
  3 centaurs
  11 wolves
  3 crocodiles
  4 big kobolds
  7 bullfrogs
  7 gnoll sergeants (D:11)
  3 scorpions
  4 killer bees (D:11)
  A howler monkey (D:10)
  An electric eel (D:11)
  A crimson imp (D:9)
  A bullfrog zombie (D:10)
  A wyvern simulacrum (D:11)
  3 jellies
  4 hounds
  A quasit (D:11)
  An orc priest (D:10)
  2 bullfrog skeletons
  9 orc wizards
  An iguana (D:7)
  4 worker ants
  A hound skeleton (D:11)
  2 worker ant zombies
  7 gnolls (D:11)
  3 adders
  A shadow imp (D:8)
  2 white imps (D:11)
  An ufetubus (D:11)
  2 dart slugs (D:1)
  3 leopard geckos
  20 orcs
  9 bats
  2 giant cockroaches
  7 goblins
  2 hobgoblins
  5 jackals
  17 kobolds
  7 quokkas
  3 ball pythons
  4 frilled lizards
  A gnoll zombie (D:3)
  A jackal skeleton (D:5)
  A quokka skeleton (D:9)
  11 rats
230 creatures vanquished.

Vanquished Creatures (collateral kills)
  The ghost of pib the Destroyer, a journeyman DECj of Vehumet (Lair:1)
  A cyclops (D:11)
  A polar bear (D:11)
  3 yaks
  A fire bat (Lair:1)
  Duvessa (D:7)
  6 ogres
  2 wolves
  A centaur (D:8)
  2 big kobolds
  Dowan (D:7)
  A scorpion (D:4)
  A killer bee (D:11)
  2 crimson imps
  2 orc priests
  A hound (D:8)
  A jelly (D:7)
  3 worker ants
  2 orc wizards
  A hound zombie (D:8)
  A howler monkey skeleton (D:7)
  4 adders
  3 worms
  A leopard gecko (D:4)
  15 orcs
  A giant cockroach (D:4)
  A gnoll zombie (D:3)
  A goblin (D:2)
  3 hobgoblins (D:2)
  3 bats
  10 kobolds
  A leopard gecko skeleton (D:7)
78 creatures vanquished.

Vanquished Creatures (others)
  A plant (Lair:2)
1 creature vanquished.

Grand Total: 309 creatures vanquished

Notes
Turn   | Place    | Note
-------+----------+-------------------------------------------
     0 | D:1      | Hook the Draconian Wizard began the quest for the Orb.
     0 | D:1      | Reached XP level 1. HP: 14/14 MP: 4/4
   278 | D:1      | Reached XP level 2. HP: 18/20 MP: 3/6
  1122 | D:2      | Learned a level 2 spell: Call Imp
  1125 | D:2      | Learned a level 2 spell: Blink
  1581 | D:2      | Reached XP level 3. HP: 13/26 MP: 1/8
  1857 | D:2      | Learned a level 3 spell: Mephitic Cloud
  2086 | D:2      | Found a shattered altar of Ashenzari.
  2092 | D:2      | Became a worshipper of Ashenzari the Shackled
  2147 | D:2      | Found an iron altar of Okawaru.
  2257 | D:2      | Found a burning altar of Makhleb.
  2666 | D:3      | Reached XP level 4. HP: 33/34 MP: 9/9
  2869 | D:3      | Found a shimmering altar of Xom.
  3345 | D:3      | Found a basalt altar of Yredelemnul.
  3485 | D:4      | Found a staircase to the Ecumenical Temple.
  3505 | Temple   | Entered the Ecumenical Temple
  3626 | D:4      | Noticed an ogre
  3656 | D:4      | Killed an ogre
  3658 | D:4      | Reached skill level 1 in Poison Magic
  3790 | D:4      | Reached XP level 5. HP: 18/39 MP: 5/11
  4413 | D:4      | Reached * piety under Ashenzari
  4600 | D:4      | Found a shadowy altar of Dithmenos.
  4609 | D:4      | Reached XP level 6. HP: 46/46 MP: 6/13
  4614 | D:4      | Learned a level 2 spell: Slow
  4616 | D:4      | Noticed feelmyfire's ghost (novice HOBe)
  4867 | D:5      | Entered Level 5 of the Dungeon
  5151 | D:5      | Found a hazy altar of Hepliaklqana.
  5869 | D:5      | Noticed a two-headed ogre
  5984 | D:6      | Noticed yogakurto's ghost (novice HOMo)
  5999 | D:7      | Reached skill level 1 in Fighting
  5999 | D:7      | Reached skill level 1 in Short Blades
  6129 | D:7      | Found an ancient bone altar of Kikubaaqudgha.
  6233 | D:7      | Found an opulent altar of Gozag.
  6237 | D:7      | Found a stormy altar of Qazlal.
  6240 | D:7      | Found a bloodstained altar of Trog.
  6374 | D:7      | Reached skill level 5 in Spellcasting
  6486 | D:7      | Noticed an orc warrior
  6536 | D:7      | Noticed Dowan
  6540 | D:7      | Noticed Duvessa
  6553 | D:7      | Killed Duvessa
  6553 | D:7      | Your scales start taking on a lurid green colour.
  6553 | D:7      | Reached XP level 7. HP: 47/52 MP: 0/14
  6553 | D:7      | Gained mutation: Your system is resistant to poisons. (rPois) [Green Draconian growth]
  6555 | D:7      | Killed Dowan
  6724 | D:7      | Noticed a hippogriff
  6736 | D:7      | Killed a hippogriff
  7506 | D:8      | Noticed Grum
  7535 | D:8      | Noticed Pikel
  7540 | D:8      | Noticed Psyche
  7542 | D:8      | Noticed a hippogriff
  7577 | D:7      | HP: 1/79 [wolf[Grum] (3)]
  7578 | D:7      | Gained mutation: You are robust. (+10% HP) [potion of mutation]
  7578 | D:7      | Gained mutation: Your flesh is heat resistant. (rF+) [potion of mutation]
  7873 | D:7      | Learned a level 2 spell: Throw Flame
  7943 | D:7      | Reached XP level 8. HP: 66/67 MP: 9/16
  7957 | D:7      | Reached skill level 1 in Fire Magic
  8507 | D:7      | Killed Psyche
  9309 | D:8      | Found a shattered altar of Ashenzari.
  9593 | D:7      | Learned a level 4 spell: Sticky Flame
  9897 | D:8      | Noticed a two-headed ogre
 10162 | D:9      | Reached skill level 5 in Dodging
 10173 | D:9      | Reached XP level 9. HP: 66/78 MP: 2/18
 10343 | D:9      | Found a staircase to the Lair.
 10344 | D:9      | Noticed an elephant
 10379 | D:9      | Killed an elephant
 10518 | D:9      | Found a sacrificial altar of Ru.
 10533 | D:9      | Reached skill level 1 in Staves
 10886 | D:9      | Reached ** piety under Ashenzari
 11470 | D:10     | Entered Level 10 of the Dungeon
 11674 | D:10     | Learned a level 3 spell: Conjure Flame
 11706 | D:10     | Noticed Joseph
 11820 | Lair:1   | Entered Level 1 of the Lair of Beasts
 11876 | Lair:1   | Reached skill level 5 in Conjurations
 11876 | Lair:1   | Reached XP level 10. HP: 76/85 MP: 14/19
 12020 | Lair:1   | Found a glowing golden altar of the Shining One.
 12021 | Lair:1   | Noticed pib's ghost (journeyman DECj)
 12167 | Lair:2   | Found a hole to the Spider Nest.
 12274 | Spider:1 | Entered Level 1 of the Spider Nest
 12289 | Spider:1 | Reached skill level 5 in Staves
 13204 | Lair:2   | Noticed a spiny frog
 13212 | Lair:2   | Killed a spiny frog
 13237 | Lair:2   | Noticed a spiny frog
 13244 | Lair:2   | Killed a spiny frog
 13264 | Lair:3   | Noticed a salamander
 13344 | Spider:1 | Reached skill level 5 in Fire Magic
 13790 | D:10     | Found Ykanu's Assorted Antiques.
 13799 | D:10     | Bought a potion of curing for 84 gold pieces
 13799 | D:10     | Bought a scroll of remove curse for 84 gold pieces
 13799 | D:10     | Bought a scroll of remove curse for 84 gold pieces
 13845 | D:10     | Killed Joseph
 13845 | D:10     | Reached XP level 11. HP: 89/91 MP: 6/20
 14689 | D:11     | Reached *** piety under Ashenzari
 14749 | D:11     | Found a staircase to the Orcish Mines.
 15312 | D:11     | Noticed a two-headed ogre
 15321 | D:11     | Killed a two-headed ogre
 16109 | Lair:1   | Killed pib's ghost
 16916 | Lair:3   | Noticed a six-headed hydra
 16928 | Lair:3   | Killed a six-headed hydra
 16935 | Lair:2   | Slain by a black mamba

Skill      XL: |  1  2  3  4  5  6  7  8  9 10 11 |
---------------+----------------------------------+-----
Dodging        | 2 3 5 6 8 9 |  9.0
Spellcasting   | 4 5 6 7 |  7.2
Poison Magic   | 1 2 3 |  3.3
Summonings     | 2 3 4 |  4.0
Stealth        | 2 |  2.3
Fighting       | 1 2 3 4 |  4.0
Short Blades   | 1 2 |  2.0
Conjurations   | 2 3 5 6 7 |  7.2
Fire Magic     | 2 4 5 6 |  6.4
Staves         | 4 8 9 |  9.3
Hexes          | |  0.3
Translocations | |  1.0
Air Magic      | |  0.8

Action                   |  1- 3 |  4- 6 |  7- 9 | 10-12 || total
-------------------------+-------+-------+-------+-------++-------
Melee: Dagger            |   162 |   141 |   245 |       ||   548
       Unarmed           |     7 |       |       |       ||     7
       Tailslap          |     6 |    14 |    33 |    31 ||    84
       Quarterstaff      |       |       |    98 |   394 ||   492
Throw: Javelin           |       |       |     4 |    17 ||    21
       Throwing net      |       |       |       |     2 ||     2
 Cast: Magic Dart        |    53 |    57 |    44 |    29 ||   183
       Call Imp          |    25 |    57 |   129 |    71 ||   282
       Mephitic Cloud    |       |     5 |     4 |    13 ||    22
       Slow              |       |     6 |     3 |       ||     9
       Blink             |       |     1 |       |       ||     1
       Throw Flame       |       |       |    41 |    21 ||    62
       Sticky Flame      |       |       |    10 |    39 ||    49
       Conjure Flame     |       |       |       |     2 ||     2
Invok: Scrying           |       |     1 |       |       ||     1
       Curse Item        |       |       |     2 |     3 ||     5
 Abil: Breathe Noxious F |       |       |     2 |     6 ||     8
  Use: Scroll            |     4 |     7 |     7 |       ||    18
       Potion            |       |       |     7 |     5 ||    12
 Stab: Sleeping          |     1 |     5 |     1 |     3 ||    10
       Distracted        |       |       |     5 |     3 ||     8
       Confused          |       |       |       |    12 ||    12
  Eat: Chunk             |     1 |     2 |     5 |     1 ||     9
       Meat ration       |     1 |     1 |     3 |     4 ||     9
       Bread ration      |       |     2 |       |     1 ||     3
Armor: Skin              |   107 |    69 |   236 |   152 ||   564
Dodge: Dodged            |   168 |   106 |   260 |   299 ||   833
